 Dungeon Crawl Stone Soup version 0.21.1-1-g345015f (webtiles) character file.

607 vatarom the Covert (level 7, -5/60 HPs)
             Began as a Gnoll Wanderer on Apr 20, 2018.
             Was a Follower of Qazlal.
             Slain by a two-headed ogre
             ... wielding a +0 giant club
              (11 damage)
             ... on level 5 of the Dungeon.
             The game lasted 00:08:52 (3992 turns).

vatarom the Covert (Gnoll Wanderer)                 Turns: 3992, Time: 00:08:53

Health: -5/60      AC:  5    Str: 17    XL:     7   Next: 43%
Magic:  10/10      EV: 12    Int: 12    God:    Qazlal [*.....]
Gold:   190        SH:  2    Dex: 20    Spells: 10/10 levels left

rFire    . . .     SeeInvis .   p - +0 flail (distort)
rCold    . . .     Gourm    .   (no shield)
rNeg     . . .     Faith    .   h - +0 ring mail {MR+}
rPois    +         Spirit   .   (no helmet)
rElec    .         Reflect  .   (no cloak)
rCorr    .         Harm     .   (no gloves)
MR       +....                  (no boots)
Stlth    +++.......             (no amulet)
HPRegen  0.20/turn              d - ring of poison resistance
MPRegen  0.12/turn              b - +4 ring of dexterity

@: no status effects
A: distributed training, fangs 1, strong nose
a: Renounce Religion


You were on level 5 of the Dungeon.
You worshipped Qazlal.
Qazlal was aware of your devotion.
You were not hungry.

You visited 1 branch of the dungeon, and saw 5 of its levels.

You collected 190 gold pieces.

Inventory:

Hand Weapons
 a - a +2 dagger
 o - a +0 whip
 p - a +0 flail of distortion (weapon)
Armour
 e - a +0 robe
 h - a +0 ring mail of magic resistance (worn)
Jewellery
 b - a +4 ring of dexterity (right hand)
 d - a ring of poison resistance (left hand)
 i - an uncursed ring of protection from magic
 m - an uncursed ring of magical power
 n - an uncursed ring of stealth
 r - a +1 ring of protection {unknown}
 s - a +3 ring of protection {unknown}
Wands
 g - a wand of flame (26)
Scrolls
 k - 2 scrolls of identify
 l - 6 scrolls of remove curse
Potions
 c - 2 potions of brilliance
 t - a potion of curing
Comestibles
 f - 3 rations


   Skills:
 + Level 7.0 Fighting
 + Level 3.6 Short Blades
 + Level 2.4 Long Blades
 + Level 2.4 Axes
 + Level 3.6 Maces & Flails
 + Level 2.4 Polearms
 + Level 2.4 Staves
 + Level 2.4 Slings
 + Level 2.4 Bows
 + Level 2.4 Crossbows
 + Level 2.4 Throwing
 + Level 2.4 Armour
 + Level 2.4 Dodging
 + Level 8.2 Stealth
 + Level 3.6 Shields
 + Level 2.4 Unarmed Combat
 + Level 2.4 Spellcasting
 + Level 2.0 Conjurations
 + Level 2.0 Hexes
 + Level 2.0 Charms
 + Level 2.0 Summonings
 + Level 2.0 Necromancy
 + Level 2.0 Translocations
 + Level 2.0 Transmutations
 + Level 2.0 Fire Magic
 + Level 2.0 Ice Magic
 + Level 2.0 Air Magic
 + Level 2.0 Earth Magic
 + Level 2.0 Poison Magic
 + Level 2.7 Invocations
 + Level 2.4 Evocations


You had 10 spell levels left.
You didn't know any spells.

Dungeon Overview and Level Annotations

Branches:
Dungeon (5/15)
 Temple: D:4-7

Altars:
Ashenzari
Hepliaklqana
Kikubaaqudgha
Qazlal
Sif Muna
Uskayaw
Vehumet
Yredelemnul
The Shining One

Annotations:
D:3 Robin
D:4 Dowan, Duvessa


Innate Abilities, Weirdness & Mutations

Your experience applies equally to all skills.
You have very sharp teeth.
Your uncanny sense of smell can sniff out nearby items.


Message History

You bite the two-headed ogre.
The two-headed ogre is severely wounded.
The two-headed ogre barely misses you. The two-headed ogre misses you.
You barely miss the two-headed ogre.
The two-headed ogre is severely wounded.
You hit the two-headed ogre.
The two-headed ogre is severely wounded.
The two-headed ogre blinks!
All of the chunks of flesh in your inventory have rotted away.
You swing at nothing.
You barely miss the two-headed ogre.
The two-headed ogre is severely wounded.
The two-headed ogre completely misses you.
The two-headed ogre hits you with a giant club!
* * * LOW HITPOINT WARNING * * *
You barely miss the two-headed ogre.
The two-headed ogre is severely wounded.
The two-headed ogre barely misses you.
The two-headed ogre hits you with a giant club!
You die...

# #.....# #..# #.# #
####### #..# #.# #
#..# ##.# ##########
#..# ##..###
.........# #..#
#......
.........##### #..#
##.####.
.............## #..#
#..# #.
####..........####()#
#..# #. #
#...........O@(..#
#..# #.
#.........########
#..# #. ###########
##># #. ### ##


You could see a two-headed ogre.

Vanquished Creatures
  Menkaure (D:4)
  2 centaurs (D:5)
  A crimson imp (D:5)
  A bullfrog zombie (D:5)
  An orc priest (D:3)
  An orc wizard (D:5)
  A worker ant (D:5)
  2 adders (D:2)
  4 gnolls (D:5)
  A shadow imp (D:5)
  An ooze (D:3)
  An adder skeleton (D:4)
  2 worms
  A dart slug (D:1)
  3 leopard geckos (D:1)
  7 orcs
  2 bats (D:2)
  9 giant cockroaches
  10 hobgoblins
  4 jackals (D:2)
  10 kobolds
  3 quokkas
  A ball python (D:3)
  7 frilled lizards
  12 goblins
  9 rats
97 creatures vanquished.

Vanquished Creatures (others)
  A worker ant (D:5)
1 creature vanquished.

Grand Total: 98 creatures vanquished

Notes
Turn   | Place    | Note
-------+----------+-------------------------------------------
     0 | D:1      | vatarom the Gnoll Wanderer began the quest for the Orb.
     0 | D:1      | vatarom set off with: a +2 dagger, a potion of haste, a +0 short sword, a potion of curing, a +0 robe, a ration
     0 | D:1      | Reached XP level 1. HP: 23/23 MP: 1/1
    81 | D:1      | Reached XP level 2. HP: 10/29 MP: 2/2
   313 | D:1      | Reached XP level 3. HP: 35/35 MP: 3/3
   613 | D:2      | Reached skill level 1 in Invocations
   840 | D:2      | Reached skill level 1 in Long Blades
   840 | D:2      | Reached skill level 1 in Axes
   840 | D:2      | Reached skill level 1 in Polearms
   840 | D:2      | Reached skill level 1 in Staves
   840 | D:2      | Reached skill level 1 in Slings
   840 | D:2      | Reached skill level 1 in Bows
   840 | D:2      | Reached skill level 1 in Crossbows
   840 | D:2      | Reached skill level 1 in Throwing
   840 | D:2      | Reached skill level 1 in Armour
   840 | D:2      | Reached skill level 1 in Dodging
   840 | D:2      | Reached skill level 1 in Unarmed Combat
   840 | D:2      | Reached skill level 1 in Spellcasting
   840 | D:2      | Reached skill level 1 in Evocations
   952 | D:2      | Reached XP level 4. HP: 34/41 MP: 5/5
   976 | D:2      | Found a stormy altar of Qazlal.
   983 | D:2      | Became a worshipper of Qazlal Stormbringer
  1295 | D:2      | Found a deep blue altar of Sif Muna.
  1399 | D:2      | Found an ancient bone altar of Kikubaaqudgha.
  1458 | D:2      | Found a hazy altar of Hepliaklqana.
  1473 | D:2      | Found a hide-covered altar of Uskayaw.
  1511 | D:2      | Found a glowing golden altar of the Shining One.
  1728 | D:3      | Reached skill level 1 in Conjurations
  1728 | D:3      | Reached skill level 1 in Hexes
  1728 | D:3      | Reached skill level 1 in Charms
  1728 | D:3      | Reached skill level 1 in Summonings
  1728 | D:3      | Reached skill level 1 in Necromancy
  1728 | D:3      | Reached skill level 1 in Translocations
  1728 | D:3      | Reached skill level 1 in Transmutations
  1728 | D:3      | Reached skill level 1 in Fire Magic
  1728 | D:3      | Reached skill level 1 in Ice Magic
  1728 | D:3      | Reached skill level 1 in Air Magic
  1728 | D:3      | Reached skill level 1 in Earth Magic
  1728 | D:3      | Reached skill level 1 in Poison Magic
  1728 | D:3      | Reached XP level 5. HP: 9/47 MP: 6/6
  1977 | D:3      | Reached * piety under Qazlal
  1983 | D:3      | Noticed Robin
  2683 | D:4      | Noticed Duvessa
  2683 | D:4      | Noticed Dowan
  2866 | D:4      | Noticed Menkaure
  2887 | D:4      | Killed Menkaure
  2887 | D:4      | Reached skill level 8 in Stealth
  2887 | D:4      | Reached XP level 6. HP: 48/53 MP: 8/8
  2898 | D:4      | Noticed an orc warrior
  2948 | D:4      | Found a radiant altar of Vehumet.
  3033 | D:5      | Entered Level 5 of the Dungeon
  3851 | D:5      | Found a shattered altar of Ashenzari.
  3853 | D:5      | Found a basalt altar of Yredelemnul.
  3856 | D:5      | Reached XP level 7. HP: 53/60 MP: 10/10
  3974 | D:5      | Noticed a two-headed ogre
  3992 | D:5      | Slain by a two-headed ogre

Skill      XL: |  1  2  3  4  5  6  7 |
---------------+----------------------+-----
Invocations    | 1 2 |  2.7
Long Blades    | 1 2 |  2.4
Axes           | 1 2 |  2.4
Polearms       | 1 2 |  2.4
Staves         | 1 2 |  2.4
Slings         | 1 2 |  2.4
Bows           | 1 2 |  2.4
Crossbows      | 1 2 |  2.4
Throwing       | 1 2 |  2.4
Armour         | 1 2 |  2.4
Dodging        | 1 2 |  2.4
Unarmed Combat | 1 2 |  2.4
Spellcasting   | 1 2 |  2.4
Evocations     | 1 2 |  2.4
Conjurations   | 1 2 |  2.0
Hexes          | 1 2 |  2.0
Charms         | 1 2 |  2.0
Summonings     | 1 2 |  2.0
Necromancy     | 1 2 |  2.0
Translocations | 1 2 |  2.0
Transmutations | 1 2 |  2.0
Fire Magic     | 1 2 |  2.0
Ice Magic      | 1 2 |  2.0
Air Magic      | 1 2 |  2.0
Earth Magic    | 1 2 |  2.0
Poison Magic   | 1 2 |  2.0
Short Blades   | 3 |  3.6
Maces & Flails | 3 |  3.6
Stealth        | 8 |  8.2
Shields        | 3 |  3.6
Fighting       | 7 |  7.0

Action                   |  1- 3 |  4- 6 |  7- 9 || total
-------------------------+-------+-------+-------++-------
Melee: Dagger            |   128 |   211 |       ||   339
       Bite              |     6 |    31 |     2 ||    39
       Punch             |     1 |     2 |       ||     3
       Whip              |       |    10 |       ||    10
       Flail             |       |    22 |    13 ||    35
Evoke: Wand              |       |     8 |       ||     8
  Use: Potion            |     7 |     4 |     1 ||    12
       Scroll            |     2 |     3 |       ||     5
 Stab: Sleeping          |     6 |    10 |       ||    16
  Eat: Chunk             |       |     3 |       ||     3
       Ration            |       |     2 |       ||     2
Armor: Robe              |    16 |     9 |       ||    25
       Skin              |     8 |       |       ||     8
       Ring mail         |       |    12 |     2 ||    14
Dodge: Dodged            |    56 |   110 |    10 ||   176
Block: Other             |       |     6 |       ||     6
